AoeStats
← 化劲省二

Fortress

507050669Analyzed
4v4 RM · 17d ago on Sep 16, 2026· 20m 0s· 8 players
Game mode
Random Map
Map size
Huge
Population
200
Speed
Normal
Resources
Standard
Victory
Conquest
Starting age
Dark Age
Ending age
Imperial Age
RankedLock teamsTeams togetherTeam positionsShared explorationLock speedFull tech treeHidden civsTurbo modeCheats
Victory
Defeat
🇨🇳 Spanish · China
1038
+16
🇨🇳 Magyars · China
1031
+17
🇨🇿 Mongols · Czechia
1023
+17
🇨🇳 Magyars · China
1016
+17
🇨🇳 Jurchens · China
1164
-22
🇨🇳 Spanish · China
1080
-18
1048
-17
🇭🇰 Bengalis · Hong Kong SAR China
878
-10
280244465
1:24 Loom
7:32 Feudal Age
11:48 Castle Age
11:19 Double-Bit Axe
11:48 Horse Collar
14:03 Bow Saw
15:12 Corvinian Army
15:07 Gold Mining
16:36 Heavy Plow
17:01 Stone Mining
19:44 Wheelbarrow
Bc. .
5:25 Feudal Age
5:54 Horse Collar
6:06 Double-Bit Axe
8:25 Loom
14:18 Castle Age
15:26 Bow Saw
15:18 Heavy Plow
DDDAW
7:18 Feudal Age
8:31 Double-Bit Axe
12:57 Castle Age
11:14 Horse Collar
16:11 Wheelbarrow
18:27 Bow Saw
18:23 Heavy Plow
2878981277
8:12 Feudal Age
7:15 Loom
12:54 Castle Age
11:27 Double-Bit Axe
17:57 Horse Collar
从不压堡之人
6:56 Feudal Age
10:39 Castle Age
8:34 Double-Bit Axe
9:34 Horse Collar
11:55 Bow Saw
13:05 Loom
17:47 Wheelbarrow
化劲省二
7:42 Feudal Age
11:34 Castle Age
9:25 Horse Collar
9:58 Double-Bit Axe
10:47 Gold Mining
12:41 Bow Saw
13:54 Loom
18:55 Wheelbarrow
18:14 Town Watch
夜清尘
7:20 Feudal Age
11:49 Castle Age
10:40 Double-Bit Axe
10:39 Horse Collar
12:59 Bow Saw
12:46 Loom
13:59 Wheelbarrow
我怕你审判长?
7:25 Feudal Age
11:55 Castle Age
10:14 Double-Bit Axe
10:16 Horse Collar
15:58 Stone Mining
18:25 Bow Saw
19:32 Heavy Plow
Connection lost

Rejoining the realm…

Still unreachable

The connection could not be restored.

Session expired

The server has moved on; the page needs a fresh start.